 Dungeon Crawl Stone Soup version 0.17-a0-2122-g03d97ec (webtiles) character file.

122 tp1 the Magician (level 4, -2/24 HPs)
             Began as a Deep Elf Conjurer on Oct 21, 2015.
             Slain by a gnoll
             ... wielding a +4 spear
              (9 damage)
             ... on level 4 of the Dungeon.
             The game lasted 00:15:10 (4539 turns).

tp1 the Magician (Deep Elf Conjurer)                Turns: 4539, Time: 00:15:11

Health: -2/24      AC:  3    Str:  5    XL:     4   Next: 78%
Magic:  11/13      EV: 13    Int: 21    God:
Gold:   174        SH:  0    Dex: 15    Spells: 3 memorised, 7 levels left

rFire  . . .     SeeInvis .     i - +0 short sword (venom)
rCold  . . .     Clarity  .     f - +0 robe
rNeg   . . .     SustAt   .     (no shield)
rPois  .         Gourm    .     (no helmet)
rElec  .         Spirit   .     (no cloak)
rCorr  .         Warding  .     l - +0 pair of gloves
rMut   .         Stasis   .     (no boots)
MR     .....                    (no amulet)
Stlth  ++........               (no ring)
                                (no ring)

@: not resistant to hostile enchantments, unstealthy
A: no striking features
a: no special abilities


You were on level 4 of the Dungeon.
You were not hungry.

You visited 1 branch of the dungeon, and saw 4 of its levels.

You collected 174 gold pieces.

Inventory:

Hand Weapons
 i - a +0 short sword of venom (weapon)
Missiles
 n - 10 poisoned needles
 r - 3 javelins (quivered)
Armour
 a - a +0 robe
 f - a +0 robe (worn)
 l - a +0 pair of gloves (worn)
Jewellery
 h - a cursed ring of teleportation {unknown}
 x - an uncursed ring of flight {unknown}
Wands
 A - a wand of cold (8)
Scrolls
 o - 3 scrolls of identify
 s - a scroll of recharging {unknown}
 t - 2 scrolls of enchant weapon {unknown}
 w - a scroll of noise {unknown}
 y - a scroll of amnesia {unknown}
Potions
 d - 3 potions of resistance
 e - a potion of might {unknown}
 g - a potion of cancellation {unknown}
 j - a potion of haste {unknown}
 q - 4 potions of curing {unknown}
 u - a potion of poison {unknown}
 v - a potion of brilliance {unknown}
 B - a potion of heal wounds {unknown}
Books
 b - a book of Conjurations

   Spells                             Type                      Level
   a - Magic Dart                     Conjuration                  1
   b - Searing Ray                    Conjuration                  2
   c - Dazzling Spray                 Conjuration/Hexes            3
   d - Fulminant Prism                Conjuration/Hexes            4
   e - Iskenderun's Mystic Blast      Conjuration                  4
   f - Iskenderun's Battlesphere      Conjuration/Charms           5
Comestibles
 c - 2 bread rations
 k - 4 fruits
 m - 3 meat rations
 p - 2 slices of pizza


   Skills:
 - Level 1.3 Throwing
 - Level 3.1 Dodging
 - Level 2.4 Stealth
 + Level 5.2 Spellcasting
 - Level 5.1 Conjurations


You had 7 spell levels left.
You knew the following spells:

 Your Spells              Type           Power        Failure   Level  Hunger
a - Magic Dart            Conj           ####         1%          1    None
b - Searing Ray           Conj           ####..       1%          2    None
c - Dazzling Spray        Conj/Hex       ###.....     14%         3    ##.....


Dungeon Overview and Level Annotations

Branches:
Dungeon (4/15)
 Temple: D:4-7

Altars:
Elyvilon
Kikubaaqudgha
Qazlal
Xom
Zin
The Shining One


Message History

You climb downwards.
The gnoll hits you with an enchanted spear.
The gnoll hits you with an enchanted spear!
* * * LOW HITPOINT WARNING * * *
There is a stone staircase leading up, spattered with blood here.
Casting: Searing Ray
Confirm with . or Enter, or press ? or * to list all spells.
Aiming: Magic Dart
Press: ? - help, Shift-Dir - straight line, f - gnoll
Aim: a gnoll, wielding an enchanted spear The magic dart hits the gnoll.
The gnoll completely misses you.
Casting: Magic Dart
Confirm with . or Enter, or press ? or * to list all spells.
Aiming: Magic Dart
Press: ? - help, Shift-Dir - straight line, f/p - gnoll
Aim: a gnoll, wielding an enchanted spear The magic dart hits the gnoll.
The gnoll is moderately wounded.
The gnoll hits you with an enchanted spear!
You die...

............#.... ... .
.......#....#... .. #.. g.
................#.# # .. ...
.....................######.#....
..................##.............
................#.... #...#
................#..# #.###
............###.#.# ####.#
............###.@.####.†..#
.............(.g..##...####
...........#.........###
...........#.###...########
...........................
.........<.#####...#..#####
#..................#.....
..........##.##..#.#.......
.##..........##############


You could see a gnoll.

Vanquished Creatures
  An orc priest (D:3)
  An adder (D:2)
  2 gnolls (D:4)
  An adder skeleton (D:4)
  A worm (D:2)
  4 giant geckos
  4 orcs (D:3)
  4 giant cockroaches
  5 hobgoblins
  4 jackals (D:4)
  7 bats
  A giant newt (D:2)
  8 goblins
  6 kobolds
  A quokka skeleton (D:4)
  2 rats (D:1)
52 creatures vanquished.

Notes
Turn   | Place    | Note
--------------------------------------------------------------
     0 | D:1      | tp1 the Deep Elf Conjurer began the quest for the Orb.
     0 | D:1      | Reached XP level 1. HP: 10/10 MP: 6/6
   296 | D:1      | Reached XP level 2. HP: 15/15 MP: 2/8
   307 | D:1      | Learned a level 2 spell: Searing Ray
  1053 | D:2      | Reached XP level 3. HP: 19/19 MP: 2/10
  1801 | D:2      | Found a glowing silver altar of Zin.
  1801 | D:2      | Found a glowing golden altar of the Shining One.
  1801 | D:2      | Found a white marble altar of Elyvilon.
  2439 | D:2      | Found a glowing silver altar of Zin.
  2441 | D:2      | Found a white marble altar of Elyvilon.
  2442 | D:2      | Found a glowing golden altar of the Shining One.
  2671 | D:3      | Found a stormy altar of Qazlal.
  2929 | D:3      | Reached skill level 5 in Spellcasting
  2951 | D:3      | Learned a level 3 spell: Dazzling Spray
  2960 | D:3      | Reached XP level 4. HP: 18/24 MP: 5/13
  2970 | D:3      | Reached skill level 5 in Conjurations
  3427 | D:3      | Found an ancient bone altar of Kikubaaqudgha.
  3488 | D:3      | Found an ancient bone altar of Kikubaaqudgha.
  3655 | D:3      | Found a stormy altar of Qazlal.
  4109 | D:4      | Found a shimmering altar of Xom.
  4259 | D:4      | Reached skill level 1 in Throwing
  4539 | D:4      | Slain by a gnoll

Vault maps used:
D:1:      scummos_arrival_gate, minmay_curled_crystal
D:2:      good_gods_mini_temple, first_bread
D:3:      grunt_qazlal_clouds, lemuel_doored_altar
D:4:      led_sif_book, xom_teletrap_fun, vehumet_altar_wand_db

Action                   |  1- 3 |  4- 6 || total
-------------------------+-------+-------++-------
Throw: Javelin           |       |     4 ||     4
 Cast: Magic Dart        |    80 |    42 ||   122
       Searing Ray       |       |     4 ||     4
  Use: Scroll            |     3 |     2 ||     5
  Eat: Chunk             |     6 |     5 ||    11
